 Seeded DCSS version 0.28-a0-657-g71136c5590 (webtiles) character file.

Game seed: 20211013 (custom seed)

447 a11behringer the Cudgeller (level 7, -3/43 HPs)
             Began as a Gargoyle Fighter on Oct 13, 2021.
             Was an Initiate of Qazlal.
             Slain by a scorpion (5 damage)
             ... on level 5 of the Dungeon.
             The game lasted 00:15:55 (3217 turns).

a11behringer the Cudgeller (Gargoyle Fighter)       Turns: 3217, Time: 00:15:56

Health: -3/43      AC: 17    Str: 25    XL:     7   Next: 3%
Magic:  7/7        EV:  8    Int:  8    God:    Qazlal [......]
Gold:   169        SH:  5    Dex: 16    Spells: 6/6 levels left

rFire   x . .      SeeInvis .   a - +0 flail
rCold   + . .      Faith    .   c - +0 buckler
rNeg    + . .      Spirit   .   m - +0 chain mail
rPois   ∞          Reflect  .   j - +0 helmet
rElec   +          Harm     .   e - +0 cloak
rCorr   .          Rampage  .   i - +0 pair of gloves
Will    +....                   (no boots)
Stlth   ..........              (no amulet)
HPRegen 0.14/turn               d - ring of the Jumping Genius {Ice Will+ Str+4}
MPRegen 0.10/turn               l - +6 ring of dexterity

@: no status effects
A: sickness immunity, AC +4, negative energy resistance 1, electricity
resistance, torment resistance 1, petrification resistance
a: Renounce Religion


You were on level 5 of the Dungeon.
You worshipped Qazlal.
Qazlal was noncommittal.
You visited 1 branch of the dungeon, and saw 5 of its levels.

You collected 169 gold pieces.

Inventory:

Hand Weapons
 a - a +0 flail (weapon)
 o - a +0 whip
 r - a +0 shortbow
Missiles
 n - 105 stones (quivered)
 s - 29 arrows
Armour
 b - a +0 scale mail
 c - a +0 buckler (worn)
 e - a +0 cloak (worn)
 i - a +0 pair of gloves (worn)
 j - a +0 helmet (worn)
 m - a +0 chain mail (worn)
Jewellery
 d - the ring of the Jumping Genius (left hand) {Ice Will+ Str+4}
   (You found it on level 4 of the Dungeon)

   [ring of ice]

   It enhances your ice magic.
   Str:       It affects your strength (+4).
   rF:        It makes you vulnerable to fire.
   rC:        It protects you from cold.
   Will:      It increases your willpower.
 g - a ring of flight
 l - a +6 ring of dexterity (right hand)
 q - a ring of protection from fire
Scrolls
 f - 5 scrolls of identify
 p - a scroll of silence {unknown}
Potions
 h - a potion of ambrosia {unknown}
 k - a potion of degeneration


   Skills:
 + Level 4.3 Fighting
 * Level 5.7 Maces & Flails
 + Level 4.3 Armour
 - Level 1.0 Dodging
 + Level 3.9 Shields


You had 6 spell levels left.
You didn't know any spells.
Your spell library contained the following spells:

 Spells                   Type           Power      Damage    Failure   Level
 Sandblast                Erth           0%         2d4       96%         1
 Passwall                 Tmut/Erth      0%         N/A       99%         2
 Slow                     Hex            0%         N/A       99%         2
 Confusing Touch          Hex            0%         N/A       100%        3
 Stone Arrow              Conj/Erth      0%         3d7       100%        3
 Vampiric Draining        Necr           0%         2d6       100%        3


Dungeon Overview and Level Annotations

Branches:
Dungeon (5/15)
 Temple: D:4-7

Altars:
Ashenzari
Dithmenos
Qazlal

Portals:
Sewer: D:5


Innate Abilities, Weirdness & Mutations

You are immune to sickness and miasma.
Your stone body is resilient. (AC +4)
You are immune to poison.
You resist negative energy. (rN+)
You are resistant to electric shocks. (rElec)
You are resistant to unholy torment.
You are immune to petrification.


Message History

The howler monkey hits you.
* * * LOW HITPOINT WARNING * * *
The howler monkey hoots and howls with incredible vigour!
You hear an angry hiss.
You hear a shout! x3
The howler monkey hoots and howls with incredible vigour!
You hear a shout! x2
The hobgoblin shouts!
The goblin shouts!
The scorpion closely misses you.
The howler monkey hoots and howls with incredible vigour!
You hear a shout!
The scorpion stings you but does no damage.
The adder hisses angrily. x2
A quokka comes into view.
Found a glowing drain.
The scorpion closely misses you.
Found 15 gold pieces.
The howler monkey hoots and howls with incredible vigour!
You hear a shout!
The scorpion stings you but does no damage.
A quokka comes into view.
You open the door. The scorpion stings you.
* * * LOW HITPOINT WARNING * * *
The adder bites you.
* * * LOW HITPOINT WARNING * * *
You barely miss the adder.
The scorpion stings you but does no damage.
The adder bites you.
* * * LOW HITPOINT WARNING * * *
You barely miss the adder. The adder barely misses you.
The quokka closely misses you. The scorpion closely misses you.
The adder bites you but does no damage.
The scorpion stings you but does no damage.
The quokka bites you but does no damage.
You closely miss the adder. You block the adder's attack. The quokka bites you.
* * * LOW HITPOINT WARNING * * *
The scorpion stings you.
* * * LOW HITPOINT WARNING * * *
You barely miss the adder. The adder barely misses you.
The quokka bites you but does no damage.
The scorpion stings you.
You die...

Z.....##.###o.#.#g.#,,,,,,*
#####....# #.##,####,,,,,,*
..,*##...#*#.#*,,,,,,,,,,,*
...* #?...##.######**,,,,,*
...#*#....Z.......#*,##.***
....,...#....o..O###....*
,,,,..........roh..$..#**
,,,**#...#######sr.####
*****#...#≈≈≈SB#@.##
,<,,,....#≈≈∩≈BS..#*****
***,,..#.#≈≈≈≈B#.##*,,,*
***,**,#.#######.#**,,,*
,,,,,,,...........,,,,,*
*,,,,,,,..##.#....,,,,,*
,,,,,,,,,,*#......,,,,,*
,,,,,,,,,,,........,,,,*
,*************,,,,,,,,,*


You could see an ogre, a scorpion, a howler monkey, 2 adders, 2 orcs, a howler
monkey zombie, 2 quokkas and 3 giant cockroaches.

Vanquished Creatures
  Sigmund (D:4)
  A scorpion (D:4)
  A centaur zombie (D:5)
  A hound (D:4)
  An iguana (D:5)
  6 adders
  2 worms (D:2)
  2 dart slugs
  4 orcs
  5 endoplasms
  2 giant cockroaches
  4 goblins
  6 hobgoblins
  7 jackals
  2 quokkas (D:1)
  10 ball pythons
  5 bats
  2 frilled lizards (D:2)
  7 kobolds
  6 rats
75 creatures vanquished.

Notes
Turn   | Place    | Note
-------+----------+-------------------------------------------
     0 | D:1      | a11behringer the Gargoyle Fighter began the quest for the
                  | Orb.
     0 | D:1      | Reached XP level 1. HP: 14/14 MP: 1/1
   105 | D:1      | Reached XP level 2. HP: 20/20 MP: 2/2
   476 | D:1      | Reached XP level 3. HP: 19/24 MP: 3/3
  1163 | D:2      | Found a faded altar of an unknown god.
  1202 | D:2      | Reached skill level 3 in Maces & Flails
  1208 | D:2      | Reached XP level 4. HP: 29/29 MP: 4/4
  1880 | D:3      | Found a broken altar of Ashenzari.
  2116 | D:3      | Found a stormy altar of Qazlal.
  2137 | D:3      | Became a worshipper of Qazlal Stormbringer
  2406 | D:4      | Identified the ring of the Jumping Genius {Ice Will+ Str+4}
  2406 | D:4      | Noticed Sigmund
  2433 | D:4      | Killed Sigmund
  2434 | D:4      | Reached skill level 4 in Maces & Flails
  2434 | D:4      | Reached skill level 1 in Dodging
  2434 | D:4      | Reached XP level 5. HP: 20/33 MP: 5/5
  2434 | D:4      | Reached XP level 6. HP: 24/38 MP: 6/6
  2584 | D:4      | Reached skill level 5 in Maces & Flails
  3137 | D:5      | Entered Level 5 of the Dungeon
  3137 | D:5      | Found a shadowy altar of Dithmenos.
  3172 | D:5      | Reached XP level 7. HP: 43/43 MP: 7/7
  3206 | D:5      | Found a glowing drain.
  3216 | D:5      | HP: 2/43 [scorpion (1)]
  3217 | D:5      | Slain by a scorpion

Illustrated notes

Levels and vault maps discovered:
D:1:      minmay_arrival_arboretum_small, layout_basic, serial_bayou_pond_a,
          chequers_serial_rivers_micro_b, chequers_decorated_corner,
          minmay_distorted
D:2:      layout_basic, ebering_ecumenical_altar_ruins
D:3:      layout_basic, nicolae_ashenzari_skybound,
          mainiacjoe_overflow_surrounded_room
D:4:      layout_cave_pools, uniq_sigmund
D:5:      cheibrodos_quashed, layout_rooms, grunt_dithmenos_smoke_and_mirrors,
          gup_sewer_entry_glass, corexii_checkpoint_b, hangedman_decor_lopped

Skill      XL: |  1  2  3  4  5  6 |
---------------+-------------------+-----
Fighting       | 4 |  4.3
Maces & Flails | 3 4 5 |  5.7
Armour         | 4 |  4.3
Dodging        | 1 |  1.0
Shields        | |  3.9

Action                   |  1- 3 |  4- 6 |  7- 9 || total
-------------------------+-------+-------+-------++-------
Melee: Flail             |   107 |   123 |    13 ||   243
  Use: Potion            |       |     1 |       ||     1
       Scroll            |       |     3 |       ||     3
Armor: Scale mail        |   124 |    25 |       ||   149
       Chain mail        |       |    62 |    21 ||    83
Dodge: Dodged            |    93 |    63 |    21 ||   177
Block: Buckler           |    44 |    37 |     8 ||    89

Table legend: (Time is in decaauts)
 A = Elapsed time spent in this place.
 B = Non-inter-level travel time spent in this place.
 C = Inter-level travel time spent in this place.
 D = Time resting spent in this place.
 E = Time spent auto-exploring this place.
 F = Levels seen in this place.
 G = Mean time per level.
                   A        B        C        D        E       F      G
               +--------+--------+--------+--------+--------+-----+--------+
         Total |   3272 |   2855 |    417 |      0 |   2187 |   5 |  654.4 |
       Dungeon |   3272 |   2855 |    417 |      0 |   2187 |   5 |  654.4 |
               +--------+--------+--------+--------+--------+-----+--------+

Top non-repeatable levels by time:
     D:1: 1132 daAuts
     D:4: 755 daAuts
     D:2: 745 daAuts
     D:3: 556 daAuts
     D:5: 82 daAuts
